 Dungeon Crawl Stone Soup version 0.30-a0-305-g026cb31310 (webtiles) character file.

Game seed: 8633025075944057205

1722 greenreed the Skirmisher (level 9, -1/69 HPs)
             Began as a Gnoll Hunter on Oct 23, 2022.
             Was an Initiate of Vehumet.
             Killed from afar by an acid dragon (26 damage)
             ... with a splash of acid
             ... on level 7 of the Dungeon.
             The game lasted 00:15:07 (5950 turns).

greenreed the Skirmisher (Gnoll Hunter)             Turns: 5950, Time: 00:15:07

Health: -1/69      AC:  3    Str: 11    XL:     9   Next: 4%
Magic:  15/15      EV: 29    Int: 12    God:    Vehumet [......]
Gold:   224        SH:  0    Dex: 16    Spells: 16/16 levels left

rFire   . . .      SeeInvis .    a - +0 shortbow
rCold   + + .      Faith    .    (shield currently unavailable)
rNeg    . . .      Spirit   .    x - +2 leather armour {rC+}
rPois   .          Reflect  .    y - +0 helmet
rElec   .          Harm     .    (no cloak)
rCorr   .          Rampage  .    k - +0 pair of gloves
Will    .....                    (no boots)
Stlth   +++.......               G - amulet of the acrobat
HPRegen 0.31/turn                e - ring of protection from cold
MPRegen 0.14/turn                (no ring)

@: corroded, acrobatic
A: fangs 1, strong nose, distributed training
a: Renounce Religion


You were on level 7 of the Dungeon.
You worshipped Vehumet.
Vehumet was noncommittal.
You visited 2 branches of the dungeon, and saw 8 of its levels.

You collected 406 gold pieces.
You spent 182 gold pieces at shops.

Inventory:

Hand Weapons
 a - a +0 shortbow (weapon)
 z - a +1 dagger of holy wrath
Missiles
 l - 7 poisoned darts
 q - a throwing net
 s - 6 atropa-tipped darts
Armour
 c - a +0 leather armour
 k - a +0 pair of gloves (worn)
 x - a +2 leather armour of cold resistance (worn)
 y - a +0 helmet (worn)
 C - a +0 buckler
 E - a +0 tower shield
 F - a +1 robe of the Archmagi
Jewellery
 e - a ring of protection from cold (left hand)
 G - an amulet of the acrobat (around neck)
Scrolls
 b - 5 scrolls of immolation
 d - 4 scrolls of identify
 f - 5 scrolls of noise
 g - a scroll of magic mapping
 n - a scroll of fear
 o - 2 scrolls of amnesia
 r - 2 scrolls of blinking
 t - 2 scrolls of enchant armour
 u - 4 scrolls of vulnerability
 v - a scroll of butterflies
 A - 4 scrolls of teleportation
Potions
 h - 2 potions of flight
 i - 2 potions of curing
 j - 4 potions of haste
 m - a potion of heal wounds
 p - 3 potions of mutation
 w - 2 potions of attraction
 B - a potion of cancellation {unknown}
 D - a potion of resistance {unknown}


   Skills:
 + Level 6.1 Fighting
 + Level 4.0 Short Blades
 + Level 4.0 Long Blades
 + Level 4.0 Axes
 + Level 4.0 Maces & Flails
 + Level 4.0 Polearms
 + Level 4.0 Staves
 + Level 9.4 Ranged Weapons
 + Level 4.0 Throwing
 + Level 4.0 Armour
 + Level 6.1 Dodging
 + Level 4.6 Stealth
 + Level 4.0 Shields
 + Level 4.0 Unarmed Combat
 + Level 4.0 Spellcasting
 + Level 3.2 Conjurations
 + Level 3.2 Hexes
 + Level 3.2 Summonings
 + Level 3.2 Necromancy
 + Level 3.2 Translocations
 + Level 3.2 Transmutations
 + Level 3.2 Fire Magic
 + Level 3.2 Ice Magic
 + Level 3.2 Air Magic
 + Level 3.2 Earth Magic
 + Level 3.2 Poison Magic
 + Level 4.3 Invocations
 + Level 4.0 Evocations


You had 16 spell levels left.
You didn't know any spells.
Your spell library contained the following spells:

 Spells                   Type           Power      Damage    Failure   Level
 Dazzling Flash           Conj/Hex       20%        N/A       22%         3
 Ignite Poison            Fire/Tmut/Pois 10%        N/A       22%         3
 Kindle Blastsparks       Fire/Tloc/Air  20%        2d11      22%         3
 Fulminant Prism          Conj/Hex       5%         3d7       58%         4
 Iskenderun's Mystic Bla  Conj/Tloc      10%        2d4       58%         4
 Agony                    Necr           10%        N/A       90%         5
 Fireball                 Conj/Fire      5%         3d5       90%         5
 Freezing Cloud           Conj/Ice/Air   5%         6-21      90%         5
 Iskenderun's Battlesphe  Conj           10%        2d6       90%         5
 Lee's Rapid Deconstruct  Erth           5%         3d6*      90%         5
 Silence                  Hex/Air        5%         N/A       90%         5
 Conjure Ball Lightning   Conj/Air       5%         3x3d6     100%        6
 Orb of Destruction       Conj           5%         9d5       100%        7


Dungeon Overview and Level Annotations

Branches:
Dungeon (7/15)             Temple (1/1) D:6

Altars:
Ashenzari
Cheibriados
Dithmenos
Elyvilon
Gozag
Hepliaklqana
Kikubaaqudgha
Makhleb
Nemelex Xobeh
Okawaru
Qazlal
Trog
Uskayaw
Vehumet
Wu Jian
Yredelemnul
Zin
The Shining One

Shops:
D:5 [?([

Annotations:
D:7 exclusions: cyclops and 2 doors


Innate Abilities, Weirdness & Mutations

You have very sharp teeth.
Your uncanny sense of smell can sniff out nearby items.
Your experience applies equally to all skills.


Message History

You shoot an arrow. The arrow hits the necrophage!
The necrophage is almost destroyed.
The necrophage closely misses you.
You shoot an arrow.
The arrow hits the necrophage but does no damage.
The necrophage is almost destroyed.
The necrophage hits you but does no damage.
You shoot an arrow. The arrow hits the necrophage!
You destroy the necrophage!
Vehumet accepts your kill.
Your Short Blades skill increases to level 4!
Your Long Blades skill increases to level 4!
Your Axes skill increases to level 4!
Your Maces & Flails skill increases to level 4!
Your Polearms skill increases to level 4!
Your Staves skill increases to level 4!
Your Throwing skill increases to level 4!
Your Armour skill increases to level 4!
Your Shields skill increases to level 4!
Your Unarmed Combat skill increases to level 4!
Your Spellcasting skill increases to level 4!
Your Evocations skill increases to level 4!
Unknown command.
Magic restored.
You close the door.
An acid dragon comes into view.
You shoot an arrow.
The arrow barely misses the acid dragon.
The acid dragon roars!
You shoot an arrow.
The arrow closely misses the acid dragon.
The acid dragon spits acid at you. The splash of acid hits you!!
The acid corrodes you!
You shoot an arrow. The arrow hits the acid dragon.
The acid dragon is lightly wounded.
The acid dragon spits acid at you. The splash of acid hits you!!
The acid dragon spits acid at you. The splash of acid hits you!!
You die...

.....####......
#
#.##.#.....####
#.#.##...#####
#.#.#..### .
#....D## ##
###..## !
#....# #
########.#.## .
.......@...#
#.##.###...#
##...# .
.##...## # #.
.##.#.# .#
#.#####.##.#.#
.# #. ##.......
#...# .# #.#
#.......#
#...##.#
#.####.......#
#...+.#


You could see an acid dragon (catching breath).

Vanquished Creatures
  Sigmund (D:3)
  A sky beast (D:6)
  An ice beast (D:7)
  A centaur (D:6)
  4 phantoms
  2 bullfrogs (D:7)
  3 scorpions
  2 necrophages (D:7)
  A howler monkey (D:4)
  An orc priest (D:6)
  5 hounds
  2 jellies (D:5)
  2 iguanas (D:5)
  3 orc wizards
  Terence (D:3)
  4 gnolls (D:2)
  An adder (D:5)
  3 white imps
  A worm (D:2)
  2 dart slugs
  7 orcs
  11 ball pythons
  4 endoplasms
  3 giant cockroaches
  2 goblins (D:1)
  6 hobgoblins
  3 quokkas
  4 bats
  A frilled lizard (D:2)
  4 kobolds
  4 rats
90 creatures vanquished.

Notes
Turn   | Place    | Note
-------+----------+-------------------------------------------
     0 | D:1      | greenreed the Gnoll Hunter began the quest for the Orb.
     0 | D:1      | Reached XP level 1. HP: 20/20 MP: 1/1
   253 | D:1      | Reached XP level 2. HP: 26/26 MP: 2/2
   738 | D:2      | Reached XP level 3. HP: 31/31 MP: 3/3
   749 | D:2      | Reached skill level 1 in Invocations
   751 | D:2      | Reached skill level 1 in Short Blades
   751 | D:2      | Reached skill level 1 in Long Blades
   751 | D:2      | Reached skill level 1 in Axes
   751 | D:2      | Reached skill level 1 in Maces & Flails
   751 | D:2      | Reached skill level 1 in Polearms
   751 | D:2      | Reached skill level 1 in Staves
   751 | D:2      | Reached skill level 1 in Throwing
   751 | D:2      | Reached skill level 1 in Armour
   751 | D:2      | Reached skill level 1 in Shields
   751 | D:2      | Reached skill level 1 in Unarmed Combat
   751 | D:2      | Reached skill level 1 in Spellcasting
   751 | D:2      | Reached skill level 1 in Evocations
   835 | D:2      | Reached XP level 4. HP: 38/38 MP: 5/5
  1269 | D:3      | Reached skill level 1 in Conjurations
  1269 | D:3      | Reached skill level 1 in Hexes
  1269 | D:3      | Reached skill level 1 in Summonings
  1269 | D:3      | Reached skill level 1 in Necromancy
  1269 | D:3      | Reached skill level 1 in Translocations
  1269 | D:3      | Reached skill level 1 in Transmutations
  1269 | D:3      | Reached skill level 1 in Fire Magic
  1269 | D:3      | Reached skill level 1 in Ice Magic
  1269 | D:3      | Reached skill level 1 in Air Magic
  1269 | D:3      | Reached skill level 1 in Earth Magic
  1269 | D:3      | Reached skill level 1 in Poison Magic
  1299 | D:3      | Noticed Sigmund
  1378 | D:3      | Killed Sigmund
  1379 | D:3      | Reached XP level 5. HP: 34/43 MP: 5/7
  1379 | D:3      | Reached XP level 6. HP: 39/50 MP: 5/8
  1424 | D:3      | Found an ornate altar of the Wu Jian Council.
  1689 | D:3      | Noticed Terence
  1703 | D:3      | Killed Terence
  1704 | D:3      | Reached skill level 5 in Fighting
  1704 | D:3      | Reached skill level 5 in Dodging
  1730 | D:3      | Found an ancient bone altar of Kikubaaqudgha.
  1736 | D:3      | Found an opulent altar of Gozag.
  1741 | D:3      | Found a snail-covered altar of Cheibriados.
  2596 | D:4      | Reached XP level 7. HP: 56/56 MP: 10/10
  2723 | D:4      | Reached skill level 9 in Ranged Weapons
  2993 | D:5      | Entered Level 5 of the Dungeon
  3545 | D:5      | Reached XP level 8. HP: 63/63 MP: 12/12
  3572 | D:5      | Found Irynur's Antique Weapon Emporium.
  3574 | D:5      | Found Viryg's Armour Emporium.
  3577 | D:5      | Found Moepaojied's Magic Scroll Emporium.
  3578 | D:5      | Found Qone's Antique Armour Emporium.
  3590 | D:5      | Bought 2 scrolls of identify for 52 gold pieces
  3590 | D:5      | Bought a scroll of noise for 13 gold pieces
  3590 | D:5      | Bought 3 scrolls of identify for 78 gold pieces
  3590 | D:5      | Bought a scroll of teleportation for 39 gold pieces
  3911 | D:6      | Found a staircase to the Ecumenical Temple.
  3918 | Temple   | Entered the Ecumenical Temple
  4106 | Temple   | Became a worshipper of Vehumet
  5583 | D:7      | Reached XP level 9. HP: 30/69 MP: 14/14
  5740 | D:7      | Noticed a cyclops
  5950 | D:7      | Killed from afar by an acid dragon

Illustrated notes

Levels and vault maps discovered:
D:1:      evilmike_arrival_crescent, layout_rooms, roderic_serpentine_path
D:2:      layout_basic
D:3:      layout_basic, minmay_overflow_temple_star_quad,
          nicolae_overflow_crystal_walls, uniq_terence, uniq_sigmund
D:4:      layout_basic
D:5:      layout_basic, minmay_shop_grid_forest
D:6:      layout_loops_corners, minmay_temple_entry_drinking_statues
D:7:      minmay_the_grid_plus_closed [minmay_the_grid_all_tris,
          minmay_the_grid_small_cups, minmay_the_grid_tiny_cups,
          minmay_the_grid_paths, minmay_the_grid_prize_big_room],
          layout_loops_cross, gammafunk_temple_overflow_statue,
          minmay_microvault, uniq_maggie
Temple:   eino_narrow_crystal_temple

Skill      XL: |  1  2  3  4  5  6  7  8  9 |
---------------+----------------------------+-----
Invocations    | 1 2 3 4 |  4.3
Short Blades   | 1 2 3 4 |  4.0
Long Blades    | 1 2 3 4 |  4.0
Axes           | 1 2 3 4 |  4.0
Maces & Flails | 1 2 3 4 |  4.0
Polearms       | 1 2 3 4 |  4.0
Staves         | 1 2 3 4 |  4.0
Throwing       | 1 2 3 4 |  4.0
Armour         | 1 2 3 4 |  4.0
Shields        | 1 2 3 4 |  4.0
Unarmed Combat | 1 2 3 4 |  4.0
Spellcasting   | 1 2 3 4 |  4.0
Evocations     | 1 2 3 4 |  4.0
Conjurations   | 1 2 3 |  3.2
Hexes          | 1 2 3 |  3.2
Summonings     | 1 2 3 |  3.2
Necromancy     | 1 2 3 |  3.2
Translocations | 1 2 3 |  3.2
Transmutations | 1 2 3 |  3.2
Fire Magic     | 1 2 3 |  3.2
Ice Magic      | 1 2 3 |  3.2
Air Magic      | 1 2 3 |  3.2
Earth Magic    | 1 2 3 |  3.2
Poison Magic   | 1 2 3 |  3.2
Stealth        | 3 4 |  4.6
Fighting       | 5 6 |  6.1
Dodging        | 5 6 |  6.1
Ranged Weapons | 9 |  9.4

Action                   |  1- 3 |  4- 6 |  7- 9 || total
-------------------------+-------+-------+-------++-------
 Fire: Shortbow          |    68 |   106 |   276 ||   450
  Use: Scroll            |       |       |    12 ||    12
Armor: Leather armour    |     7 |     3 |    61 ||    71
Dodge: Dodged            |     8 |    18 |    99 ||   125

Table legend: (Time is in decaauts)
 A = Elapsed time spent in this place.
 B = Non-inter-level travel time spent in this place.
 C = Inter-level travel time spent in this place.
 D = Time resting spent in this place.
 E = Time spent auto-exploring this place.
 F = Levels seen in this place.
 G = Mean time per level.
                   A        B        C        D        E       F      G
               +--------+--------+--------+--------+--------+-----+--------+
         Total |   5991 |   5646 |    345 |    229 |   4477 |   8 |  748.9 |
       Dungeon |   5796 |   5492 |    304 |    229 |   4333 |   7 |  828.0 |
        Temple |    194 |    153 |     41 |      0 |    144 |   1 |  194.0 |
               +--------+--------+--------+--------+--------+-----+--------+

Top non-repeatable levels by time:
     D:6: 1194 daAuts
     D:3: 1120 daAuts
     D:5: 1097 daAuts
     D:2: 737 daAuts
     D:4: 591 daAuts
     D:1: 567 daAuts
     D:7: 487 daAuts
  Temple: 194 daAuts
